 Dungeon Crawl Stone Soup version 0.22-a0-77-g0fd0111 (webtiles) character file.

322 oplop the Chiller (level 6, -2/39 HPs)
             Began as an Octopode Ice Elementalist on Jan 14, 2018.
             Slain by an orc
             ... wielding a +0 club
              (4 damage)
             ... on level 4 of the Dungeon.
             The game lasted 00:05:48 (2879 turns).

oplop the Chiller (Octopode Ice Elementalist)       Turns: 2879, Time: 00:05:49

Health: -2/39      AC:  1    Str:  8    XL:     6   Next: 47%
Magic:  0/11       EV: 14    Int: 18    God:
Gold:   156        SH:  0    Dex: 13    Spells: 8/12 levels left

rFire    . . .     SeeInvis .   r - +0 dagger
rCold    . . .     Gourm    .   (no shield)
rNeg     . . .     Faith    .   (helmet restricted)
rPois    .         Spirit   .   (no amulet)
rElec    .         Reflect  .   (no ring)
rCorr    .         Harm     .   (no ring)
MR       .....                  (no ring)
Stlth    +++.......             (no ring)
HPRegen  0.13/turn              (no ring)
MPRegen  0.12/turn              (no ring)
                                (no ring)
                                (no ring)

@: very slightly contaminated
A: almost no armour, stealthy swim, amphibious, 8 rings, constrict 8, camouflage
1, gelatinous body 1
a: no special abilities


You were on level 4 of the Dungeon.
You were not hungry.

You visited 1 branch of the dungeon, and saw 4 of its levels.

You collected 156 gold pieces.

Inventory:

Hand Weapons
 r - a +0 dagger (weapon)
Magical Staves
 q - an uncursed staff of fire {unknown}
Jewellery
 f - a cursed -3 ring of protection {unknown}
Wands
 n - a wand of random effects (20)
Scrolls
 c - 2 scrolls of teleportation {unknown}
 g - 2 scrolls of remove curse {unknown}
 j - 2 scrolls of noise {unknown}
 k - a scroll of fog {unknown}
 l - 4 scrolls of identify {unknown}
 m - 2 scrolls of enchant armour {unknown}
 p - a scroll of blinking {unknown}
 t - a scroll of random uselessness {unknown}
Potions
 d - 2 potions of brilliance {unknown}
 e - a potion of lignification {unknown}
 h - a potion of resistance {unknown}
 i - a potion of flight {unknown}
 o - 2 potions of mutation {unknown}
Books
 a - a book of Frost

   Spells                             Type                      Level
   a - Freeze                         Ice                          1
   b - Throw Frost                    Conjuration/Ice              2
   c - Ozocubu's Armour               Charms/Ice                   3
   d - Throw Icicle                   Conjuration/Ice              4
   e - Summon Ice Beast               Ice/Summoning                4
Comestibles
 b - 4 rations


   Skills:
 + Level 2.2 Fighting
 + Level 3.1 Dodging
 - Level 2.6 Stealth
 * Level 3.9 Spellcasting
   Level 1.0 Conjurations
 * Level 4.7 Ice Magic


You had 8 spell levels left.
You knew the following spells:

 Your Spells              Type           Power        Failure   Level  Hunger
a - Freeze                Ice            ###.         2%          1    None
b - Ozocubu's Armour      Chrm/Ice       ##......     17%         3    ###....


Dungeon Overview and Level Annotations

Branches:
Dungeon (4/15)
 Temple: D:4-7

Altars:
Ashenzari
Nemelex Xobeh
Qazlal
Yredelemnul


Innate Abilities, Weirdness & Mutations

You cannot wear most types of armour.
You are very stealthy in the water. (Stealth+)
You are amphibious.
You can wear up to eight rings at the same time.
You can use your tentacles to constrict eight enemies at once.
Your skin changes colour to match your surroundings (Stealth+).
Your rubbery body absorbs attacks. (AC +1, EV +1)


Message History

You freeze the quokka skeleton.
The quokka skeleton resists.
The quokka skeleton is lightly damaged.
The quokka skeleton completely misses you.
The orc hits you with a club!
* * * LOW HITPOINT WARNING * * *
You hit the orc but do no damage. Your grab misses the orc.
The quokka skeleton bites you.
* * * LOW HITPOINT WARNING * * *
The orc hits you with a club.
* * * LOW HITPOINT WARNING * * *
You barely miss the quokka skeleton. You grab the quokka skeleton.
The quokka skeleton is lightly damaged.
You constrict the quokka skeleton. The quokka skeleton misses you.
The orc closely misses you.
You hit the orc but do no damage. Your grab misses the orc.
You squeeze the orc, but do no damage. You constrict the quokka skeleton.
The quokka skeleton bites you.
* * * LOW HITPOINT WARNING * * *
The orc hits you with a club.
You die...

##....#.....
##........<..
##............
##..............#.
##.............. ..#
#............... ..#
##....(.Z).....# #..
#.......@o.### #..#
........####.###
#..##
..##.....###...###
#...#
###...........##
#.<##
###..........####..#
###.........###..#
##.........###..
##.........###.
#.........###.


You could see an orc and a quokka skeleton.

Vanquished Creatures
  A bullfrog skeleton (D:2)
  An orc wizard (D:4)
  Jessica (D:3)
  Terence (D:2)
  Natasha (thrice) (D:3)
  Robin (D:3)
  4 adders
  2 oozes (D:1)
  2 worms (D:3)
  2 dart slugs
  4 leopard geckos
  An orc (D:4)
  8 bats
  2 giant cockroaches
  15 goblins
  10 hobgoblins
  4 jackals (D:2)
  2 quokkas
  4 frilled lizards
  4 kobolds
  5 rats
77 creatures vanquished.

Notes
Turn   | Place    | Note
-------+----------+-------------------------------------------
     0 | D:1      | oplop the Octopode Ice Elementalist began the quest for the Orb.
     0 | D:1      | Reached XP level 1. HP: 11/11 MP: 3/3
   162 | D:1      | Reached XP level 2. HP: 9/18 MP: 0/5
   582 | D:1      | Reached XP level 3. HP: 21/22 MP: 6/6
   712 | D:1      | Reached skill level 1 in Fighting
  1012 | D:2      | Noticed Terence
  1020 | D:2      | Learned a level 3 spell: Ozocubu's Armour
  1028 | D:2      | Killed Terence
  1028 | D:2      | Reached XP level 4. HP: 27/28 MP: 0/8
  1202 | D:2      | Found a sparkling altar of Nemelex Xobeh.
  1400 | D:2      | Reached skill level 4 in Ice Magic
  1400 | D:2      | Reached XP level 5. HP: 30/33 MP: 9/9
  2054 | D:3      | Found a shattered altar of Ashenzari.
  2079 | D:3      | Noticed Natasha
  2085 | D:3      | Killed Natasha
  2259 | D:3      | Noticed Jessica
  2269 | D:3      | Killed Jessica
  2297 | D:3      | Noticed Natasha
  2298 | D:3      | Found a stormy altar of Qazlal.
  2442 | D:3      | Killed Natasha
  2442 | D:3      | Reached XP level 6. HP: 31/39 MP: 5/11
  2531 | D:3      | Noticed Natasha
  2536 | D:3      | Killed Natasha
  2563 | D:3      | Noticed Robin
  2597 | D:3      | Killed Robin
  2620 | D:3      | Found a basalt altar of Yredelemnul.
  2879 | D:4      | Slain by an orc

Vault maps used:
D:1:      minmay_arrival_loop, minmay_misc_feat_iff
D:2:      first_ration, nemelex_diamond_rough_becter, uniq_terence,
          uniq_crazy_yiuf_cottage
D:3:      lemuel_doored_altar, yredelemnul_altar_generic,
          nicolae_overflow_hidden_temple, nicolae_qazlal_eye_of_the_storm,
          uniq_natasha, uniq_jessica, uniq_robin
D:4:      gup_sewer_entry_pipe

Skill      XL: |  1  2  3  4  5  6 |
---------------+-------------------+-----
Fighting       | 1 2 |  2.2
Spellcasting   | 3 |  3.9
Ice Magic      | 4 |  4.7
Dodging        | 3 |  3.1
Stealth        | |  2.6
Conjurations   | |  1.0

Action                   |  1- 3 |  4- 6 || total
-------------------------+-------+-------++-------
Melee: Unarmed           |    48 |    58 ||   106
       Constrict         |    15 |    36 ||    51
       Tentacles         |    10 |    18 ||    28
       Dagger            |       |    42 ||    42
 Cast: Freeze            |    15 |    50 ||    65
       Ozocubu's Armour  |     1 |     2 ||     3
 Stab: Sleeping          |     5 |    13 ||    18
       Distracted        |       |     1 ||     1
  Eat: Chunk             |       |     3 ||     3
       Ration            |       |     1 ||     1
Armor: Skin              |     8 |    19 ||    27
Dodge: Dodged            |    56 |   115 ||   171

Table legend:
 A = Spawn XP
 B = Non-spawn XP
 C = Spawn XP percentage of total XP
 D = Spawn monster count
 E = Non-spawn monster count
 F = Spawn count percentage of total count
 G = Total turns spent on level
                    A         B        C        D         E        F      G
               +---------+---------+-------+---------+---------+-------+---------
         Total |       0 |     461 |   0.0 |       0 |      77 |   0.0 |  2879
               +---------+---------+-------+---------+---------+-------+---------
           D:1 |       0 |      46 |   0.0 |       0 |      20 |   0.0 |  1004
           D:2 |       0 |     132 |   0.0 |       0 |      19 |   0.0 |  1018
           D:3 |       0 |     240 |   0.0 |       0 |      36 |   0.0 |   794
           D:4 |       0 |      43 |   0.0 |       0 |       2 |   0.0 |    63
               +---------+---------+-------+---------+---------+-------+---------
